Cogmind - Beta 13 @@@ ROGUE MODE // 2024.06.14 @ 17:25:17 Player: ThatBishHoly Result: Destroyed by as-70433 with Assembled Blade Performance ------------- Evolutions (0) 0 Regions Visited (4) 800 Robots Destroyed (14) 70 Value Destroyed (383) 383 Prototype IDs (2) 40 Alien Tech Used (0) 0 Bonus (300) 300 TOTAL SCORE: 1593 Bonus ------- Aligned with FarCom 300 Cogmind --------- Core Integrity 0/250 Matter 300/300 Energy 100/100 System Corruption 3% Temperature Cool (20) Movement Core (500) Ox9 Location -9/Mines Parts ------- > --- POWER (1) -------- (None) > --- PROPULSION (2) --- (None) > --- UTILITY (2) ------ Large Storage Unit Experimental Sensor Array > --- WEAPON (2) ------- Field Lobotomy Kit > --- INVENTORY (15) --- Improved Heat Sink EM Shotgun YOLO Cannon Assault Rifle AWS/Gauss EMP Blaster Peak State ------------ > --- POWER ------------ Ion Engine > --- PROPULSION ------- Aluminum Leg Aluminum Leg > --- UTILITY ---------- Large Storage Unit Experimental Sensor Array > --- WEAPON ----------- EMP Blaster Field Lobotomy Kit > --- INVENTORY -------- Improved Heat Sink EM Shotgun YOLO Cannon Assault Rifle AWS/Gauss EMP Blaster [Rating: 29] Favorites ----------- Power Ion Engine Engine Ion Engine Propulsion Aluminum Leg Leg Aluminum Leg Utility Targeting Computer Device Experimental Sensor Array Storage Large Storage Unit Processor Targeting Computer Weapon EMP Blaster Ballistic Gun Assault Rifle Launcher EMP Blaster Special Weapon Field Lobotomy Kit Build | -11 -10 -10 -10 -9 ------- Run | Yrd Mat Min Exi Min Slots Evolved . | . . . . . Power . | . . . . . Propulsion . | . . . . . Utility . | . . . . . Weapon . | . . . . . Parts Attached 18 | 5 10 1 1 1 Power 2 | 1 1 . . . Engine 2 | 1 1 . . . Core . | . . . . . Reactor . | . . . . . Propulsion 5 | 2 2 1 . . Treads . | . . . . . Leg 5 | 2 2 1 . . Wheel . | . . . . . Hover . | . . . . . Flight . | . . . . . Utility 4 | . 3 . . 1 Device 2 | . 1 . . 1 Storage 1 | . 1 . . . Processor 1 | . 1 . . . Hackware . | . . . . . Protection . | . . . . . Artifact . | . . . . . Weapon 7 | 2 4 . 1 . Energy Gun . | . . . . . Energy Cannon . | . . . . . Ballistic Gun 3 | 2 1 . . . Ballistic Cannon . | . . . . . Launcher 3 | . 3 . . . Special Weapon 1 | . . . 1 . Impact Weapon . | . . . . . Slashing Weapon . | . . . . . Piercing Weapon . | . . . . . Special Melee Weapon . | . . . . . Unidentified Prototypes 2 | . . . 1 1 Parts Lost 5 | . 1 . . 4 Power 1 | . . . . 1 Propulsion 2 | . . . . 2 Utility . | . . . . . Weapon 2 | . 1 . . 1 Highest Loss Streak 4 | . 1 . . 4 To Critical Strikes . | . . . . . Average Slot Usage (%) 97 | . 95 100 100 97 Engine 13 | . 13 14 14 13 Leg 27 | . 27 28 28 27 Device 2 | . 2 . . 8 Storage 11 | . 7 14 14 14 Processor 12 | . 13 14 14 5 Ballistic Gun 9 | . 14 14 7 . Launcher 13 | . 13 14 14 13 Special Weapon 4 | . . . 6 14 Naked Turns . | . . . . . Heaviest Build 38 | 9 31 31 37 38 Greatest Support 20 | 20 20 20 20 20 Greatest Overweight (x) 1 | . 1 1 1 1 Average Overweight (x) . | . . 1 1 1 Largest Inventory Capacity 15 | 5 15 15 15 15 Average Capacity 13 | 5 10 15 15 15 Most Carried 10 | 5 7 7 10 9 Average Carried 5 | . 4 6 6 8 Final Capacity 15 | 5 15 15 15 15 Final Carried 8 | . 6 5 8 8 Class Distribution -------------------- 88% | Mutant 11% | Skirmisher Dominant Class ---------------- Mutant | -10/Materials Mutant | -10/Mines Mutant | -10/Exiles Skirmisher | -9/Mines Resources | -11 -10 -10 -10 -9 ----------- Run | Yrd Mat Min Exi Min Matter Collected 515 | 232 156 117 . 10 Remotely . | . . . . . Salvage Created 496 | . 288 208 . . Parts 37 | . 24 13 . . Haulers Intercepted 1 | . 1 . . . Recyclers Shooed . | . . . . . Parts Field Recycled . | . . . . . Retrieved Matter . | . . . . . Parts Self-Destructed . | . . . . . Prevented . | . . . . . Kills | -11 -10 -10 -10 -9 ------- Run | Yrd Mat Min Exi Min Combat Hostiles Destroyed 11 | . 7 4 . . Guns 3 | . 2 1 . . AOE 8 | . 5 3 . . Classes Destroyed 6 | . 5 1 . . Builder 1 | . 1 . . . Hauler 1 | . 1 . . . Watcher 1 | . 1 . . . Swarmer 3 | . 3 . . . Grunt 6 | . 4 2 . . Sentry 2 | . . 2 . . Best Kill Streak 4 | . 4 2 . . Combat Bots Only 3 | . 3 2 . . Max Kills in Single Turn 2 | . 2 1 . . Gunslinging . | . . . . . Exploded 1 | . 1 1 . . Melee . | . . . . . Uniques/NPCs Destroyed . | . . . . . Combat | -11 -10 -10 -10 -9 -------- Run | Yrd Mat Min Exi Min Hostile Shots Fired 66 | . 21 14 . 31 Missed 18 | . 7 4 . 7 Damage Taken 894 | . 229 182 . 483 Core 253 | . 60 30 . 163 Absorbed by Shields . | . . . . . Core Remaining (%) 100 | 100 . . . . Volleys Fired 22 | . 11 8 . 3 Largest 2 | . 2 2 . 1 Hottest 53 | . 53 53 . . Shots Fired 40 | . 21 16 . 3 Gun 19 | . 11 8 . . Cannon . | . . . . . Launcher 18 | . 10 8 . . Special 3 | . . . . 3 Kinetic 19 | . 11 8 . . Thermal . | . . . . . Explosive 4 | . 4 . . . Electromagnetic 14 | . 6 8 . . Robot Hit Streak 12 | . 7 9 . 12 Robot Miss Streak 2 | . 2 2 . . Penetration Max . | . . . . . Secondary Targets . | . . . . . Shots Hit Robots 30 | . 16 11 . 3 Core Hits 23 | . 15 8 . . Critical Kills . | . . . . . Critical Parts Destroyed . | . . . . . Critical Strikes . | . . . . . Melee Attacks . | . . . . . Impact . | . . . . . Slashing . | . . . . . Piercing . | . . . . . Sneak Attacks . | . . . . . Combat Hostiles . | . . . . . Follow-up Attacks . | . . . . . Damage Inflicted 858 | . 629 229 . . Guns 215 | . 126 89 . . Cannons . | . . . . . Explosions 643 | . 503 140 . . Melee . | . . . . . Ramming . | . . . . . Kinetic 215 | . 126 89 . . Thermal . | . . . . . Explosive 256 | . 256 . . . Electromagnetic 387 | . 247 140 . . Impact . | . . . . . Slashing . | . . . . . Piercing . | . . . . . Highest Corruption 3 | . . . . 3 Average Corruption 3 | . . . . 3 Corruption Purged . | . . . . . Corruption Blocked . | . . . . . Overload Shots . | . . . . . Overflow Damage 7 | . 7 . . . Projectiles . | . . . . . Explosions 7 | . 7 . . . Melee . | . . . . . Knockbacks . | . . . . . Impact . | . . . . . Kinetic . | . . . . . Secondary . | . . . . . Self-Inflicted Damage 111 | . 70 41 . . Shots 7 | . 3 4 . . Rammed . | . . . . . Targets Rammed 1 | . 1 . . . Kicked 1 | . 1 . . . Crushed . | . . . . . Highest Temperature 42 | . 7 42 . . Average Temperature 15 | . 3 24 . . Received Heat Transfer 230 | . 69 81 . 80 Siege Activations . | . . . . . Robots Corrupted . | . . . . . Combat Hostiles . | . . . . . Parts Fried 1 | . 1 . . . Impact Corruptions . | . . . . . Robots Melted . | . . . . . Combat Hostiles . | . . . . . Parts Melted . | . . . . . Heat Transferred . | . . . . . Parts Sabotaged . | . . . . . Parts Stolen . | . . . . . Parts Stripped . | . . . . . Power Chain Reactions 1 | . 1 . . . Alert | -11 -10 -10 -10 -9 ------- Run | Yrd Mat Min Exi Min Peak Influence 236 | . 236 119 . . Initial 13 | . . 13 . . Average 52 | . 63 91 . . Maximum Alert Level 1 | . 1 . . . Low Security (%) 95 | 100 90 100 . 100 Level 1 4 | . 9 . . . Level 2 . | . . . . . Level 3 . | . . . . . Level 4 . | . . . . . Level 5 . | . . . . . High Security . | . . . . . Max Security . | . . . . . Squads Dispatched . | . . . . . Investigation . | . . . . . Extermination . | . . . . . Reinforcement . | . . . . . Assault . | . . . . . Garrison . | . . . . . Intercept . | . . . . . Searches Triggered . | . . . . . Construction Impeded . | . . . . . Haulers Reinforced . | . . . . . Active Scanning Responses . | . . . . . Cargo Convoy Interrupts . | . . . . . Stealth | -11 -10 -10 -10 -9 --------- Run | Yrd Mat Min Exi Min Distress Signals 2 | . 2 . . . Communications Jammed . | . . . . . Distress Signals . | . . . . . Times Spotted 27 | . 13 4 . 10 Peak Tracking Total 11 | . 5 2 . 11 Tactical Retreats . | . . . . . Traps | -11 -10 -10 -10 -9 ------- Run | Yrd Mat Min Exi Min Traps Triggered 2 | . 2 . . . Indirectly . | . . . . . Trap Hack Attempts . | . . . . . Triggered . | . . . . . Disarmed . | . . . . . Reprogrammed . | . . . . . Reused . | . . . . . Traps Extracted . | . . . . . Installed . | . . . . . Triggered . | . . . . . Machines | -11 -10 -10 -10 -9 ---------- Run | Yrd Mat Min Exi Min Machines Disabled 3 | . 1 2 . . Max in Single Turn 1 | . 1 1 . . Machines Repaired . | . . . . . Machines Dismantled . | . . . . . Machines Sabotaged . | . . . . . Overloaded Fab Kills . | . . . . . Hacking | -11 -10 -10 -10 -9 --------- Run | Yrd Mat Min Exi Min Machines Accessed 1 | . 1 . . . Terminals 1 | . 1 . . . Fabricators . | . . . . . Repair Stations . | . . . . . Recycling Units . | . . . . . Scanalyzers . | . . . . . Garrison Access . | . . . . . Total Hacks 2 | . 2 . . . Successful 1 | . 1 . . . Failed 1 | . 1 . . . Catastrophic . | . . . . . Database Lockouts . | . . . . . Manual 1 | . . . 1 . Terminals 2 | . 2 . . . Fabricators . | . . . . . Repair Stations . | . . . . . Recycling Units . | . . . . . Scanalyzers . | . . . . . Garrison Access . | . . . . . Terminal Hacks 1 | . 1 . . . Zone Layout 1 | . 1 . . . Fabricator Hacks . | . . . . . Repair Station Hacks . | . . . . . Recycling Unit Hacks . | . . . . . Scanalyzer . | . . . . . Garrison Access Hacks . | . . . . . Unauthorized Hacks . | . . . . . Terminals . | . . . . . Fabricators . | . . . . . Repair Stations . | . . . . . Recycling Units . | . . . . . Scanalyzers . | . . . . . Garrison Access . | . . . . . Data Cores Recovered . | . . . . . Used . | . . . . . Hacking Detections 1 | . 1 . . . Full Trace Events . | . . . . . Feedback Events . | . . . . . Feedback Blocked . | . . . . . Robot Schematics Acquired . | . . . . . Robots Built . | . . . . . Authchips . | . . . . . Time . | . . . . . Total Robot Build Rating . | . . . . . Part Schematics Acquired . | . . . . . Parts Built . | . . . . . Authchips . | . . . . . Time . | . . . . . Total Part Build Rating . | . . . . . Parts Repaired . | . . . . . Time . | . . . . . Parts Recycled . | . . . . . Recycled Matter . | . . . . . Retrieved Matter . | . . . . . Retrieved Components . | . . . . . Parts Scanalyzed . | . . . . . Part Schematics Acquired . | . . . . . Parts Damaged . | . . . . . Bothacking | -11 -10 -10 -10 -9 ------------ Run | Yrd Mat Min Exi Min Used RIF Installer . | . . . . . Robots Hacked . | . . . . . Non-combat . | . . . . . Combat . | . . . . . Robot Hacks Applied . | . . . . . Relay Couplers Released . | . . . . . Fabnet Peak Effective % . | . . . . . Robots Rewired . | . . . . . Allies Hacked . | . . . . . Hacks Repelled . | . . . . . Allies | -11 -10 -10 -10 -9 -------- Run | Yrd Mat Min Exi Min Total Allies 3 | . . . . 3 Largest Group 1 | . . . . 1 Highest-Rated Group 9 | . . . . 9 Highest-Rated Ally 9 | . . . . 9 Total Orders . | . . . . . Ally Attacks . | . . . . . Total Damage . | . . . . . Kills . | . . . . . Allies Corrupted . | . . . . . Allies Melted . | . . . . . Field Lobotomies 3 | . . . . 3 Intel | -11 -10 -10 -10 -9 ------- Run | Yrd Mat Min Exi Min Robot Analysis Total . | . . . . . Derelict Logs Recovered . | . . . . . Drone Launches . | . . . . . Drone Recoveries . | . . . . . Exploration | -11 -10 -10 -10 -9 ------------- Run | Yrd Mat Min Exi Min Turns Passed 2010 | 42 735 326 542 365 Spaces Moved 1105 | 36 441 158 283 187 Core 15 | 15 . . . . Treads . | . . . . . Legs 1090 | 21 441 158 283 187 Wheels . | . . . . . Hover . | . . . . . Flight . | . . . . . Fastest Speed 50 | 50 120 190 190 190 Average Speed 172 | 90 153 190 190 190 Slowest Speed 190 | 120 190 190 190 190 Overloaded Moves . | . . . . . Propulsion Burnouts . | . . . . . Robots Hopped . | . . . . . Cave-ins Triggered . | . . . . . Exploration Rate (%) 40 | 4 57 28 67 44 Regions Visited 4 Branch Regions 3 Pre-discovered Areas . | . . . . . Known Exits Taken . | . . . . . Unknown Exits Taken 4 | 1 1 1 1 . Scrap Searched 1 | . . . . 1 Spaces Dug . | . . . . . Terrain Destroyed 21 | . 21 . . . Melee . | . . . . . Projectile . | . . . . . AOE 21 | . 21 . . . Terrain Rammed . | . . . . . Walls Destroyed . | . . . . . Machines Disabled . | . . . . . Actions | -11 -10 -10 -10 -9 --------- Run | Yrd Mat Min Exi Min Total 1171 | 45 477 169 288 192 Wait . | . . . . . Move 1101 | 35 440 157 282 187 Hop . | . . . . . Pick Up 24 | 5 14 1 3 1 Fast Attach . | . . . . . Attach 12 | 5 7 . . . Detach . | . . . . . Swap 6 | . 3 1 1 1 Drop 5 | . 1 2 2 . Fire 22 | . 11 8 . 3 Melee . | . . . . . Ram . | . . . . . Kick 1 | . 1 . . . Crush . | . . . . . Escape Stasis . | . . . . . Rewire . | . . . . . Trap . | . . . . . Miscellaneous . | . . . . . Route ------- -11/Scrapyard -10/Materials (discovered 2 exits: [*Mat] / [*Min]) -10/Mines -10/Exiles -9/Mines (discovered 1 exit: [*Mat]) History --------- Turn | Location | Event 10 | -11/Scrapyard | Discovered new exit (range 14) 43 | -11/Scrapyard | Entered Materials 310 | -10/Materials | Build established: Mutant 333 | -10/Materials | Discovered new exit (range 16) 717 | -10/Materials | Discovered new exit (range 16) 778 | -10/Materials | Entered Mines 781 | -10/Mines | Met a Derelict bent on vengeance 1094 | -10/Mines | Deemed a non-threat by the Exiles lab entrance 1094 | -10/Mines | Discovered new exit (range 5) 1104 | -10/Mines | Entered Exiles 1156 | -10/Exiles | Met 8R-AWN 1184 | -10/Exiles | Met EX-HEX 1268 | -10/Exiles | Met EX-DEC 1315 | -10/Exiles | Met EX-BIN 1342 | -10/Exiles | Aligned with FarCom system 1344 | -10/Exiles | Given EX-Vault access code 1393 | -10/Exiles | Opened EX-Vault 1405 | -10/Exiles | Found Prototype Special Weapon 1406 | -10/Exiles | Identified Field Lobotomy Kit 1411 | -10/Exiles | Found Prototype Ballistic Gun 1418 | -10/Exiles | Found Prototype Energy Cannon 1461 | -10/Exiles | Warned to stay clear of 0b10 Research branches 1619 | -10/Exiles | Discovered new exit (range 14) 1646 | -10/Exiles | Stole three prototypes: Field Lobotomy Kit, AWS/Gauss, YOLO Cannon 1646 | -10/Exiles | Entered Mines 1702 | -9/Mines | Discovered new exit (range 5) 1776 | -9/Mines | Found a damaged Exp. Sensor Array with a note attached 1779 | -9/Mines | Found Prototype Device 1780 | -9/Mines | Identified Exp. Sensor Array 1975 | -9/Mines | Assembled infested the area 2002 | -9/Mines | Core integrity fell below 50% 2004 | -9/Mines | Assimilated as-99018 with FLK Orb 2007 | -9/Mines | Assimilated as-54382 with FLK Orb 2010 | -9/Mines | Core integrity fell below 20% 2010 | -9/Mines | Assimilated as-96922 with FLK Orb 2011 | -9/Mines | Destroyed by as-70433 with Assembled Blade Last Messages --------------- 01980_ K-01 Serf destroyed. 01990_ Knocked back. 01991_ as-24583 sneak attacks. 01991_ R-06 Scavenger system corrupted by crushing effect. 01992_ R-06 Scavenger system terminally corrupted. 01996_ EMP Blaster destroyed. 01996_ System corrupted by crushing effect (+3). 01996_ Knocked back. 01999_ Ion Engine destroyed. 02004_ as-99018 assimilated. 02005_ as-96922 sneak attacks. 02006_ as-24583 sneak attacks. 02006_ as-99018 destroyed. 02007_ as-54382 assimilated. 02007_ as-15285 sneak attacks. 02007_ as-54382 destroyed. 02009_ Aluminum Leg destroyed. 02010_ as-96922 assimilated. 02010_ as-15285 sneak attacks. 02010_ as-96922 destroyed. Map ----- +----------------------------------------------------+ | ???? ?????????????????????????????????? | | ??? ?????????????????????????????????? | | ???# ?????????????????????????????????? | | ???# ?????????????????????????????????? | | ???# ????????????????????????????????? | | ???# ????????????????????????????????## | | ???# #????????????????????????????????# | | ???# #????????????????????????????????? | | ???#= #????????????????????????????????? | | ???#% #????????????????????????????????? | | ??## #????????????????????????????????? | | ### #????????????????????????????????? | | # ##????????????????????"""????????? | | # ##???????????????????"""????????? | | # ##??????????????????"""????????? | | ??### ##?????????##?????? ????????? | | ????# #????????? ?????? ????????? | | ????# #????????? ?????? #????????? | | ????## #?????????# ??????# #????????? | | ?????### %#?????????# #?????# #????????? | | ???????# !#?????????# #####?# #????????? | | ???????# #????????## ## ### #????##### | | ???????# #??????### ## ###### | | ???????# #####?## a | | ????#### a ### ? | | ???## a@a ######### | | ??## a%% ##???????### | | ??# a """ ##??????????## | | ??# """ ##????????????# | | ??## """ ##????????????? | | ???# ##?????????????# | | ???# ## ####??????????????## | | ???# ##### ##??????????????????## | | ???# #???# #????????????????????? | | ???# ### #???# #????????????????????? | | ??## ##?# #???# #????????????????????? | | ??# #??# ##### #????????????????????? | | ?# #??# #?????????????????? | | ?# #??# #######????????????????????? | | ?## ##??# #??????????????????????????? | | ??####???# #??????????????????????????? | | ?????????# #??????????????????????????? | | ?????????# #??????????????????????????? | | ?#######?# #??????????????????????????? | | ?# #?# #??????????????????????????? | | ?# """ ### #??????????????????????????? | | ?# """ #??????????????????????????? | | ?# """ #??????????????????????????? | | ?# ######??????????????????????????? | | ?# #???????????????????????????????? | +----------------------------------------------------+ Best States ------------- Heat Dissipation 39 Energy Generation 10 Energy Capacity 250 Matter Stores 300 Matter Capacity 300 Sight Range 16 Robot Scan Range 20 Terrain Scan Density 10 Evasion (%) 55 Targeting Accuracy 5 Item Schematics ----------------- None Robot Schematics ------------------ None Fabricated ------------ Nothing Alien Tech Used ----------------- None Achievements -------------- None Challenges ------------ None Game ------ Seed RecyclingUtilityProjector Manual? 0 Play Time 00:14:39 Cumulative 21.9 hours Start 2024.06.14 @ 17:11:43 End 2024.06.14 @ 17:25:17 Sessions 1 Manual Loads 0 Difficulty Rogue Special Mode None Game No. 66 Rogue 66 Adventurer 0 Explorer 0 Win Type - Total 0 Types 0/0/0/0/0/0/0/0/0 Lore% 13 Gallery% 30 Achievement% 22 Wizard Run 0 Options --------- Layout 1 ASCII 0 Keyboard 0 Movement Mouse Keybinds 0 Fullscreen 1 Font 32/SmallcapsGlow Map View 65x17 Zoom Use 99% Tactical HUD 1 Map Filters NONE Filters NONE Steam 1 RUN: 0317150e-15c8-4bcb-9229-ad44e7cbd1e9